 Dungeon Sprint DCSS version 0.30-a0-534-gdc55766716 (webtiles) character file.

Game seed: 15990967875067819136

2 rocky1 the Ducker (level 1, 8/17 HPs)
             Began as a Merfolk Gladiator on Dec 25, 2022.
             Quit the game in the Dungeon (Sprint III: "The Ten Rune Challenge").
             The game lasted 00:00:56 (47 turns).

rocky1 the Ducker (Merfolk Gladiator)                 Turns: 47, Time: 00:00:57

Health: 8/17       AC:  4    Str: 14    XL:     1   Next: 40%
Magic:  1/1        EV: 13    Int:  7    God:
Gold:   0          SH:  0    Dex: 15    Spells: 0/0 levels left

rFire   . . .      SeeInvis .    a - +0 long sword
rCold   . . .      Faith    .    (no shield)
rNeg    . . .      Spirit   .    b - +0 leather armour
rPois   .          Reflect  .    c - +0 helmet
rElec   .          Harm     .    (no cloak)
rCorr   .          Rampage  .    (no gloves)
Will    .....      NoTele   +    (no boots)
Stlth   +                        (no amulet)
HPRegen 0.22/turn                (no ring)
MPRegen 0.07/turn                (no ring)

@: no status effects
A: (nimble swimmer 2), mertail
a: no special abilities


You were in the Dungeon.
You visited 1 branch

Inventory:

Hand Weapons
 a - a +0 long sword (weapon)
Missiles
 e - a javelin (quivered)
Armour
 b - a +0 leather armour (worn)
 c - a +0 helmet (worn)
Scrolls
 k - a scroll of blinking
 l - a scroll of identify {unknown}
Potions
 f - a potion of curing
 g - a potion of heal wounds
 h - a potion of haste
 i - 2 potions of magic
 j - a potion of berserk rage


   Skills:
 + Level 2.5 Fighting
 * Level 4.3 Long Blades
 - Level 2.0 Throwing
 + Level 4.5 Dodging


You couldn't memorise any spells.
You didn't know any spells.
Your spell library was empty.

Dungeon Overview and Level Annotations

Branches:
Dungeon (1/1)

Altars:


Innate Abilities, Weirdness & Mutations

((You are very nimble when in or above water. (Stealth+, EV+, Speed+++)))
Your lower body shifts to a powerful aquatic tail in water.


Message History

Found a whip.
A rat comes into view.
The rat barely misses you.
You slash the rat!
You kill the rat!
No target in view!
A rat comes into view.
You slash the rat!
You kill the rat!
No target in view!
A human comes into view.
A wolf comes into view.
The wolf attacks as you move away! The wolf barely misses you.
The human shouts!
The wolf bites you!
Throw: 3 throwing nets
Press: ? - help, Q - select action, (/) - cycle Shift-Dir - straight line, f - wolf
Aim: a wolf (42% to hit)
You throw a throwing net.
The throwing net closely misses the wolf.
The throwing net hits the human.
The human is caught in the net!
The wolf bites you.
Throw: 2 throwing nets
Press: ? - help, Q - select action, (/) - cycle Shift-Dir - straight line, f/p - wolf
Aim: a wolf (42% to hit)
You throw a throwing net.
The throwing net barely misses the wolf.
The throwing net hits the human.
The wolf misses you.
The human struggles against the net.
The wolf barely misses you.
Unknown command.
Throw: throwing net
Press: ? - help, Q - select action, (/) - cycle Shift-Dir - straight line, f/p - wolf
Aim: a wolf (42% to hit)
You throw a throwing net. The throwing net hits the wolf.
The wolf is caught in the net!
The human struggles against the net.
The wolf struggles against the net.
You don't know any spells.
Okay, then.
Are you sure you want to abandon this character and quit the game? (Confirm with "yes".)

▓...#......##
▓..##....†..# .#
▓##.##.##...# .#
##.##.###..# ..#
▓#.####.##..# ...+
▓.###..##..##
#p..# ▓#.....##..#
#....#
###..##...##.....#
##..##...@#h.....#
#..###..##.#.....#
#..# #.. ####....#
▓▓▓▓ ▓▓▓ ▓▓▓▓▓


There were no monsters in sight!

Vanquished Creatures
  4 rats (D)
4 creatures vanquished.

Notes
Turn   | Place    | Note
-------+----------+-------------------------------------------
     0 | D        | rocky1 the Merfolk Gladiator began the quest for the Orb.
     0 | D        | Reached XP level 1. HP: 16/16 MP: 1/1
    41 | D        | Noticed a wolf
    47 | D        | Quit the game

Illustrated notes

Levels and vault maps discovered:
D:        dungeon_sprint_mu [sprint_mu_entry_cave, sprint_mu_temple_rooms,
          sprint_mu_d1_spiders, sprint_mu_d2_genie, sprint_mu_d3_branching,
          sprint_mu_orc_legion, sprint_mu_elf_gauntlet, sprint_mu_hive_nellie,
          sprint_mu_lair_fedhas, sprint_mu_vaults_butterflies,
          sprint_mu_slime_circle, sprint_mu_shoals_kraken,
          sprint_mu_snake_twists, sprint_mu_blade_basic, sprint_mu_crypt_lich,
          sprint_mu_tomb_spiral, sprint_mu_vestibule_basic,
          sprint_mu_gehenna_hellfire, sprint_mu_dis_giant,
          sprint_mu_tartarus_statrot, sprint_mu_cocytus_islands, sprint_mu_zot1]

Skill      XL: |  1 |
---------------+----+-----
Long Blades    | 4 |  4.3
Fighting       | |  2.5
Throwing       | |  2.0
Dodging        | |  4.5

Action                   || total
-------------------------++-------
Melee: Long sword        ||     5
Throw: Throwing net      ||     3
Armor: Leather armour    ||     1
Dodge: Dodged            ||     4

Table legend: (Time is in decaauts)
 A = Elapsed time spent in this place.
 B = Non-inter-level travel time spent in this place.
 C = Inter-level travel time spent in this place.
 D = Time resting spent in this place.
 E = Time spent auto-exploring this place.
 F = Levels seen in this place.
 G = Mean time per level.
                   A        B        C        D        E       F      G
               +--------+--------+--------+--------+--------+-----+--------+
         Total |     47 |     47 |      0 |      0 |     21 |   1 |   47.0 |
       Dungeon |     47 |     47 |      0 |      0 |     21 |   1 |   47.0 |
               +--------+--------+--------+--------+--------+-----+--------+

Top non-repeatable levels by time:
       D: 47 daAuts
